 Dungeon Crawl Stone Soup version 0.22-a0-533-g4d20840 (webtiles) character file.

34 Darkshadow the Cudgeler (level 3, -4/33 HPs)
             Began as a Minotaur Berserker on June 22, 2018.
             Was a Follower of Trog.
             Slain by a gnoll
             ... wielding a +0 spear
              (9 damage)
             ... on level 2 of the Dungeon.
             The game lasted 00:02:58 (1167 turns).

Darkshadow the Cudgeler (Minotaur Berserker)        Turns: 1167, Time: 00:02:58

Health: -4/33      AC:  2    Str: 21    XL:     3   Next: 14%
Magic:  2/2        EV: 11    Int:  4    God:    Trog [*.....]
Gold:   85         SH:  3    Dex: 10    Spells: 2/2 levels left

rFire    . . .     SeeInvis .   a - +0 mace
rCold    . . .     Gourm    .   f - +0 buckler
rNeg     . . .     Faith    .   b - +0 animal skin
rPois    .         Spirit   .   (helmet restricted)
rElec    .         Reflect  .   (no cloak)
rCorr    .         Harm     .   (no gloves)
MR       .....                  (no boots)
Stlth    +.........             (no amulet)
HPRegen  0.11/turn              (no ring)
MPRegen  0.08/turn              (no ring)

@: berserk cooldown, slowed, very slow
A: retaliatory headbutt, horns 2
a: Berserk, Renounce Religion


You were on level 2 of the Dungeon.
You worshipped Trog.
Trog was aware of your devotion.
You were very hungry.

You visited 1 branch of the dungeon, and saw 2 of its levels.

You collected 85 gold pieces.

Inventory:

Hand Weapons
 a - a +0 mace (weapon)
Missiles
 k - 34 stones (quivered)
Armour
 b - a +0 animal skin (worn)
 f - a +0 buckler (worn)
Jewellery
 p - an uncursed ring of protection from cold {unknown}
Scrolls
 h - a scroll of enchant weapon {unknown}
 i - 3 scrolls of identify {unknown}
 l - 2 scrolls of noise {unknown}
 m - a scroll of remove curse {unknown}
 q - a scroll of fear {unknown}
Potions
 d - a potion of berserk rage {unknown}
 e - a potion of mutation {unknown}
 g - a potion of cancellation {unknown}
 j - a potion of lignification {unknown}
 n - 2 potions of flight {unknown}
 o - a potion of brilliance {unknown}
Comestibles
 c - a ration


   Skills:
 + Level 4.0 Fighting
 * Level 4.3 Maces & Flails
 + Level 3.0 Armour
 - Level 2.3 Dodging
 + Level 0.7 Shields


You had 2 spell levels left.
You didn't know any spells.
Your spell library was empty.

Dungeon Overview and Level Annotations

Branches:
Dungeon (2/15)

Altars:


Innate Abilities, Weirdness & Mutations

You reflexively headbutt those who attack you in melee.
You have a pair of horns on your head.


Message History

You see here a stone.
The gnoll closely misses you. The gnoll hits you but does no damage.
The gnoll hits you from afar with a halberd of pain.
The gnoll closely misses you. You furiously retaliate!
You headbutt the gnoll!
Found a stone staircase leading down.
The gnoll hits you with a spear. The gnoll hits you with a club.
The gnoll hits you with a halberd of pain.
The gnoll barely misses you.
You hit the gnoll.
The gnoll is lightly wounded.
The gnoll hits you with a club!
* * * LOW HITPOINT WARNING * * *
The gnoll closely misses you. The gnoll hits you but does no damage.
You block the gnoll's attack.
You closely miss the gnoll.
The gnoll is lightly wounded.
The gnoll hits you with a halberd of pain.
* * * LOW HITPOINT WARNING * * *
The gnoll hits you with a spear!
You die...

.###+##....###.#...>..#
.......###..)..#......#
.#....................#
......................#
....<....>..... ......#
.......###..##+#......#
..####......##.#......#
..#........(..(.########
............#..g@......#
#.#+#####.#.#..gg......#
. #.#.#..........#
#.#+#..........#
...............#
.............[.#
................#
......#+###.#.###
.......


You could see 3 gnolls.

Vanquished Creatures
  An adder (D:2)
  3 dart slugs (D:1)
  A leopard gecko (D:1)
  3 bats (D:1)
  A giant cockroach (D:1)
  4 hobgoblins
  2 goblins (D:1)
  2 kobolds (D:1)
  2 rats (D:1)
19 creatures vanquished.

Notes
Turn   | Place    | Note
-------+----------+-------------------------------------------
     0 | D:1      | Darkshadow the Minotaur Berserker began the quest for the Orb.
     0 | D:1      | Reached XP level 1. HP: 19/19 MP: 0/0
    96 | D:1      | Reached XP level 2. HP: 14/27 MP: 1/1
  1145 | D:2      | Reached XP level 3. HP: 33/33 MP: 2/2
  1167 | D:2      | Slain by a gnoll

Vault maps used:
D:1:      giann_horns
D:2:      uniq_crazy_yiuf_cottage

Skill      XL: |  1  2 |
---------------+-------+-----
Maces & Flails | 4 |  4.3
Fighting       | 4 |  4.0
Armour         | 3 |  3.0
Dodging        | |  2.3
Shields        | |  0.7

Action                   || total
-------------------------++-------
Melee: Mace              ||    36
       Headbutt          ||     5
Throw: Stone             ||    10
Invok: Berserk           ||     1
Armor: Animal skin       ||     4
Dodge: Dodged            ||    27
Block: Buckler           ||     5

Table legend:
 A = Spawn XP
 B = Non-spawn XP
 C = Spawn XP percentage of total XP
 D = Spawn monster count
 E = Non-spawn monster count
 F = Spawn count percentage of total count
 G = Total turns spent on level
                    A         B        C        D         E        F      G
               +---------+---------+-------+---------+---------+-------+---------
         Total |       0 |      49 |   0.0 |       0 |      19 |   0.0 |  1167
               +---------+---------+-------+---------+---------+-------+---------
           D:1 |       0 |      34 |   0.0 |       0 |      17 |   0.0 |  1081
           D:2 |       0 |      15 |   0.0 |       0 |       2 |   0.0 |    86
               +---------+---------+-------+---------+---------+-------+---------
